 Dungeon Crawl Stone Soup version 0.30-a0-585-g93115170b9 (webtiles) character file.

Game seed: 13849416284932836734

63 Citaku the Shield-Bearer (level 4, -3/35 HPs)
             Began as a Human Fighter on Jan 2, 2023.
             Slain by a worm (7 damage)
             ... on level 2 of the Dungeon.
             The game lasted 00:02:43 (1197 turns).

Citaku the Shield-Bearer (Human Fighter)            Turns: 1197, Time: 00:02:43

Health: -3/35      AC:  6    Str: 18    XL:     4   Next: 30%
Magic:  4/4        EV:  9    Int:  8    God:
Gold:   7          SH:  5    Dex: 13    Spells: 3/3 levels left

rFire   . . .      SeeInvis +    i - +0 hand axe
rCold   . . .      Faith    .    c - +0 buckler
rNeg    . . .      Spirit   .    b - +0 scale mail
rPois   .          Reflect  .    (no helmet)
rElec   .          Harm     .    (no cloak)
rCorr   .          Rampage  .    (no gloves)
Will    .....                    (no boots) Stlth
                                 (no amulet)
HPRegen 0.25/turn                m - ring of see invisible
MPRegen 0.09/turn                (no ring)

@: slowed, very slow
A: no striking features
a: no special abilities


You were on level 2 of the Dungeon.
You visited 1 branch of the dungeon, and saw 2 of its levels.

You collected 7 gold pieces.

Inventory:

Hand Weapons
 i - a +0 hand axe (weapon)
Armour
 b - a +0 scale mail (worn)
 c - a +0 buckler (worn)
Jewellery
 m - a ring of see invisible (left hand)
Scrolls
 a - 2 scrolls of fog {unknown}
 e - a scroll of torment {unknown}
 g - a scroll of enchant weapon {unknown}
 j - a scroll of identify {unknown}
 k - a scroll of magic mapping {unknown}
 l - a scroll of blinking {unknown}
 n - a scroll of immolation {unknown}
Potions
 d - a potion of might
 f - a potion of magic {unknown}
 h - a potion of attraction {unknown}


   Skills:
 + Level 3.4 Fighting
 + Level 2.2 Short Blades
 + Level 1.4 Axes
 + Level 3.3 Armour
 + Level 0.5 Dodging
 + Level 3.5 Shields


You had 3 spell levels left.
You didn't know any spells.
Your spell library contained the following spells:

 Spells                   Type           Power      Damage    Failure   Level
 Tukima's Dance           Hex            0%         N/A       99%         3
 Passage of Golubria      Tloc           0%         N/A       100%        4
 Yara's Violent Unravell  Hex/Tmut       0%         3d3       100%        5


Dungeon Overview and Level Annotations

Branches:
Dungeon (2/15)

Altars:

Annotations:
D:2 Natasha


Message History

The worm bites you but does no damage.
You hit the worm.
The worm is severely wounded.
You barely miss Natasha. You hit the worm.
Natasha stares at you and mumbles some strange words.
You feel yourself slow down. The worm bites you but does no damage.
The worm bites you. Natasha claws you but does no damage.
You barely miss the worm.
The worm is severely wounded.
You hit the worm but do no damage. You closely miss Natasha.
Natasha stares at you and mumbles some strange words.
The magic dart hits you. The worm closely misses you. The worm bites you.
Natasha casts a spell.
You hit the worm.
The worm is almost dead.
You hit the worm. You closely miss Natasha. You block Natasha's attack.
The worm bites you but does no damage. The worm barely misses you.
You completely miss the worm.
The worm is severely wounded.
You hit Natasha. You miss the crimson imp. You hit the worm.
Natasha claws you but does no damage. You block the crimson imp's attack.
Natasha claws you but does no damage.
The crimson imp shouts, "Back with thee, thou fulsome nose-picking nightsoil!"
The crimson imp hits you but does no damage.
The worm bites you. The worm barely misses you.
You hit the worm but do no damage.
The worm is severely wounded.
You miss the crimson imp. You barely miss the worm. You hit Natasha.
Natasha casts a spell at you. You resist with some effort.
The crimson imp hits you. The worm bites you. The worm bites you!
* * * LOW HITPOINT WARNING * * *
You block Natasha's attack.
The crimson imp hits you but does no damage.
You slash the worm!
You kill the worm!
You hit Natasha but do no damage. You miss the crimson imp.
You hit the worm but do no damage. Natasha claws you but does no damage.
You block the crimson imp's attack. The worm bites you!
You die...

... #..##.##. B.. ..#
#..##.##. ..# #.#
#..#..... .$# #.#
#........ ..## #.#
#.##..### ..###.#
#.##.|# #..##.#
#.....# #. #.w##.#
####.###
.#..###@†##.##
#...).##
.....gh5)##..##
#.###).#
...####...#...###.#
#...
+..............###...
####...##.###........
##.###.# #.#####.#
### #.# #.# #.# ..#
#.# #.# ### #.# #.#


You could see a worm, Natasha, a crimson imp (summoned) and a hobgoblin.

Vanquished Creatures
  Natasha (D:2)
  A worm (D:2)
  A dart slug (D:1)
  2 bats
  An endoplasm (D:1)
  A giant cockroach (D:2)
  6 goblins
  4 hobgoblins
  3 quokkas
  7 ball pythons
  A frilled lizard (D:2)
  2 kobolds
  3 rats
33 creatures vanquished.

Notes
Turn   | Place    | Note
-------+----------+-------------------------------------------
     0 | D:1      | Citaku the Human Fighter began the quest for the Orb.
     0 | D:1      | Reached XP level 1. HP: 18/18 MP: 1/1
   169 | D:1      | Reached XP level 2. HP: 19/24 MP: 2/2
   548 | D:1      | Reached XP level 3. HP: 29/29 MP: 3/3
   999 | D:2      | Noticed Natasha
  1006 | D:2      | Killed Natasha
  1007 | D:2      | Reached skill level 1 in Axes
  1007 | D:2      | Reached XP level 4. HP: 24/35 MP: 4/4
  1175 | D:2      | Noticed Natasha
  1197 | D:2      | Slain by a worm

Illustrated notes

Levels and vault maps discovered:
D:1:      dpeg_arrival_pits, layout_basic
D:2:      layout_loops_corners, dreamdust_ecumenical_altar_statues,
          minmay_vboxes, uniq_robin, uniq_natasha

Skill      XL: |  1  2  3 |
---------------+----------+-----
Axes           | 1 |  1.4
Fighting       | |  3.4
Short Blades   | |  2.2
Armour         | |  3.3
Dodging        | |  0.5
Shields        | |  3.5

Action                   |  1- 3 |  4- 6 || total
-------------------------+-------+-------++-------
Melee: Rapier            |    21 |       ||    21
       Hand axe          |    77 |    29 ||   106
Armor: Scale mail        |    65 |    16 ||    81
Dodge: Dodged            |    44 |    21 ||    65
Block: Buckler           |    34 |    13 ||    47

Table legend: (Time is in decaauts)
 A = Elapsed time spent in this place.
 B = Non-inter-level travel time spent in this place.
 C = Inter-level travel time spent in this place.
 D = Time resting spent in this place.
 E = Time spent auto-exploring this place.
 F = Levels seen in this place.
 G = Mean time per level.
                   A        B        C        D        E       F      G
               +--------+--------+--------+--------+--------+-----+--------+
         Total |   1234 |   1234 |      0 |    108 |    503 |   2 |  617.0 |
       Dungeon |   1234 |   1234 |      0 |    108 |    503 |   2 |  617.0 |
               +--------+--------+--------+--------+--------+-----+--------+

Top non-repeatable levels by time:
     D:1: 931 daAuts
     D:2: 303 daAuts
